 Dungeon Crawl Stone Soup version 0.16-a0-2914-g4ae3da0 (webtiles) character file.

13740 kroki the Severer (level 11, -4/91 HPs)
             Began as a Minotaur Chaos Knight on Dec 1, 2014.
             Was a High Priest of Trog.
             Slain by a spectral orc warrior
             ... wielding a +0 dire flail
             ... summoned by Nergalle
              (5 damage)
             ... on level 2 of the Orcish Mines.
             The game lasted 00:35:42 (17097 turns).

kroki the Severer (Minotaur Chaos Knight)          Turns: 17097, Time: 00:35:42

Health: -4/91      AC:  9    Str: 13    XL:     11   Next: 79%
Magic:  4/4        EV:  9    Int:  9    God:    Trog [*****.]
Gold:   825        SH:  0    Dex: 11    Spells: 0 memorised, 10 levels left

rFire  + . .     SeeInvis .     a - +1 battleaxe (flame)
rCold  + . .     Clarity  .     C - +0 shadow dragon armour
rNeg   . . .     SustAb   .     (no shield)
rPois  .         Gourm    +     (helmet restricted)
rElec  .         Spirit   .     K - +0 cloak
rCorr  .         Warding  .     (no gloves)
rMut   .         Stasis   .     (no boots)
MR     +++..                    q - amulet of the gourmand
Stlth  ++........               g - +3 ring of evasion
                                i - ring of protection from fire

@: exhausted, regenerating, slowed, heavily drained, very slow, extremely
resistant to hostile enchantments, unstealthy
A: retaliatory headbutt, hooves 1, horns 2, clumsy 1, cold resistance 1,
deformed body, frail 1, magic resistance 1, mutation resistance 1, weak 2
a: Burn Spellbooks, Berserk, Trog's Hand, Brothers in Arms, Renounce Religion


You were on level 2 of the Orcish Mines.
You worshipped Trog.
Trog was extremely pleased with you.
You were hungry.

You visited 3 branches of the dungeon, and saw 14 of its levels.
You also visited: Volcano.

You collected 1154 gold pieces.
You spent 329 gold pieces at shops.

Inventory:

Hand weapons
 a - a +1 battleaxe of flaming (weapon)
   (You found it in a volcano)
 v - a +0 blowgun
   (You took it off a kobold on level 4 of the Dungeon)
 J - a +2 broad axe of flaming
   (You found it in a volcano)
Missiles
 w - 46 poisoned needles
Armour
 b - a +2 leather armour
 C - a +0 shadow dragon armour (worn)
   (You found it on level 7 of the Dungeon)
 K - a +0 cloak (worn)
   (You took it off Maurice on level 10 of the Dungeon)
Jewellery
 g - a +3 ring of evasion (right hand)
   (You found it on level 7 of the Dungeon)
 i - a ring of protection from fire (left hand)
   (You found it on level 1 of the Dungeon)
 q - an amulet of the gourmand (around neck)
   (You found it on level 7 of the Dungeon)
 r - a +3 ring of intelligence
   (You found it on level 3 of the Dungeon)
Magical devices
 k - a wand of digging (10)
   (You found it on level 9 of the Dungeon)
 s - a wand of flame (9)
   (You found it on level 6 of the Dungeon)
 y - a wand of fire (0)
   (You found it on level 6 of the Dungeon)
 H - a wand of paralysis (9)
   (You found it on level 9 of the Dungeon)
Scrolls
 e - 3 scrolls of enchant weapon
 f - 2 scrolls of fog
 n - 3 scrolls of remove curse
 u - 4 scrolls of identify
Potions
 h - a potion of lignification
 l - a potion of brilliance
 m - a potion of resistance
 p - 2 potions of agility
 z - 5 potions of curing
 A - 2 potions of haste
 B - a potion of degeneration {unknown}
 G - 6 potions of berserk rage {unknown}
 I - a potion of heal wounds
Books
 D - a Plane Papyrus {highlevel, unknown}
   (You found it on level 8 of the Dungeon)
 F - a book of Spatial Translocations
   (You found it on level 9 of the Dungeon)
Comestibles
 c - 5 bread rations
 d - 10 fruits
 j - 5 meat rations
 t - 2 slices of pizza
 E - 8 royal jellies


   Skills:
 + Level 11.0(8.5) Fighting
 * Level 16.9(14.0) Axes
 + Level 10.2(7.8) Armour
 - Level 1.1(0.0) Dodging


You had 10 spell levels left.
You didn't know any spells.


Innate Abilities, Weirdness & Mutations

You reflexively headbutt those who attack you in melee.
You have a pair of horns on your head.
You have large cloven feet.
You are clumsy. (Dex -2)
Your flesh is cold resistant.
Armour fits poorly on your strangely shaped body.
You are frail (-10% HP).
You are resistant to hostile enchantments.
You are somewhat resistant to further mutation.
You are very weak. (Str -4)

Dungeon Overview and Level Annotations

Branches:
Dungeon (10/15)            Temple (1/1) D:6            Lair (0/8) D:9
    Orc (3/4) D:10            Elf (0/3) Orc:3

Altars:
Ashenzari
Cheibriados
Dithmenos
Elyvilon
Fedhas
Gozag
Kikubaaqudgha
Makhleb
Nemelex Xobeh
Okawaru
Qazlal
Ru
Sif Muna
Trog
Vehumet
Xom
Yredelemnul
Zin
The Shining One
Beogh

Shops:
D:4 !   D:5 !   D:9 *   D:10 [

Annotations:
D:4 1 exclusion
Orc:2 Nergalle
Orc:3 Fannar

##............##.....##.###.##
#................#.##### #### ##
##............#.#### ##. .###
##...#....#.....# #..
...#####........#.#.## ##.
.....####........#...# #.
......#.##....§§#§...# ##
..[..........§§Z§§..## #.
.............§ZZ@§.#.## #.
...#........§§Z#o§....# ##.
#..#.........§#......## #..
...).....#.........### ##.
.............>......# ###.
....#..............##### ##.##
#.####.............##..## ###....
###.#...........#.#.....###......
##...#..#..#...........##........


You could see Nergalle, 2 spectral orc warriors and 2 spectral orc warlords.


Message History

Nergalle casts a spell at you.
Orcish apparitions take form around you.
You slash the spectral orc! You burn the spectral orc.
You destroy the spectral orc!
You hit the spectral orc warlord but do no damage.
You slash the spectral orc warrior! You burn the spectral orc warrior.
The spectral orc warrior is almost destroyed.
You hit the spectral orc warrior but do no damage.
You hit Nergalle. You burn Nergalle.
Nergalle is almost dead.
You are feeling hungry.
The spectral orc warrior barely misses you.
The spectral orc warrior hits you with a dire flail.
* * * LOW HITPOINT WARNING * * *
The spectral orc warlord hits you but does no damage.
Nergalle hits you with a dagger.
* * * LOW HITPOINT WARNING * * *
The spectral orc warlord hits you but does no damage.
The spectral orc warrior hits you but does no damage.
The spectral orc warrior hits you with a dire flail.
* * * LOW HITPOINT WARNING * * *
You take 5 damage.
Nergalle gestures at you while chanting.
The bolt of negative energy hits you!
You feel drained.
* * * LOW HITPOINT WARNING * * *
The spectral orc warlord hits you with a war axe.
* * * LOW HITPOINT WARNING * * *
The spectral orc warrior hits you with a dire flail.
You die...
Xom chuckles heartily!

Notes
Turn   | Place    | Note
--------------------------------------------------------------
     0 | D:1      | kroki, the Minotaur Chaos Knight, began the quest for the Orb.
     0 | D:1      | Reached XP level 1. HP: 19/19 MP: 1/1
   161 | D:1      | Reached skill level 4 in Axes
   206 | D:1      | XOM: divination: detect items
   345 | D:1      | Reached XP level 2. HP: 26/26 MP: 1/1
  1105 | D:2      | Noticed Ijyb
  1115 | D:2      | Killed Ijyb
  1115 | D:2      | Reached skill level 5 in Axes
  1115 | D:2      | Reached XP level 3. HP: 28/31 MP: 2/2
  1130 | D:2      | XOM: colour smoke trail
  1180 | D:2      | Found an iron altar of Okawaru.
  1493 | D:2      | Found a white marble altar of Elyvilon.
  2015 | D:3      | XOM: enchant monster (bad)
  2030 | D:3      | Reached XP level 4. HP: 28/39 MP: 2/2
  2269 | D:3      | Reached skill level 6 in Axes
  2290 | D:3      | XOM: smoke on damage
  2531 | D:3      | Noticed gabygaby's ghost (average SpAK)
  2543 | D:3      | Killed gabygaby's ghost
  2543 | D:3      | Reached skill level 7 in Axes
  2543 | D:3      | Reached XP level 5. HP: 36/45 MP: 2/2
  2772 | D:3      | Reached skill level 8 in Axes
  2778 | D:3      | Reached XP level 6. HP: 29/51 MP: 3/3
  2855 | D:3      | XOM: divination: detect creatures
  3190 | D:3      | XOM: mild Divn miscast
  3247 | D:3      | XOM: silly message
  3267 | D:3      | XOM: god gift: great sword {god gift}
  3378 | D:4      | XOM: repel stairs
  3401 | D:4      | Found Buuvvial's Distillery.
  3415 | D:4      | Bought 2 potions of curing for 60 gold pieces
  3421 | D:4      | XOM: god gift: 23 stones
  3494 | D:4      | Reached skill level 9 in Axes
  3602 | D:4      | XOM: enchant monster (good)
  3635 | D:4      | XOM: summons friendly shadow imp
  3640 | D:4      | Reached XP level 7. HP: 36/57 MP: 3/3
  3773 | D:4      | Reached skill level 10 in Axes
  4214 | D:4      | Found a deep blue altar of Sif Muna.
  4560 | D:5      | Entered Level 5 of the Dungeon
  4568 | D:5      | Reached skill level 3 in Armour
  4714 | D:5      | XOM: confuse monster(s)
  4820 | D:5      | XOM: confuse monster(s)
  4932 | D:5      | Reached XP level 8. HP: 62/67 MP: 3/3
  4946 | D:5      | XOM: harmless Chrm miscast
  5005 | D:5      | Found Hinocuaru's Distillery.
  5274 | D:5      | Reached skill level 5 in Fighting
  5297 | D:5      | Reached skill level 11 in Axes
  5302 | D:5      | XOM: mild Ice miscast
  5339 | D:5      | XOM: summons friendly crimson imp
  5652 | D:5      | XOM: cast spell 'Flight'
  5690 | D:6      | Reached skill level 5 in Armour
  5760 | D:6      | Noticed Natasha
  5765 | D:6      | Killed Natasha
  5770 | D:6      | Noticed Natasha
  5771 | D:6      | XOM: summons friendly quasit
  5779 | D:6      | Killed Natasha
  5880 | D:6      | Found a staircase to the Ecumenical Temple.
  5887 | Temple   | Entered the Ecumenical Temple
  5948 | Temple   | Fell from the grace of Xom
  5948 | Temple   | Became a worshipper of Trog the Wrathful
  6025 | D:6      | Noticed Natasha
  6030 | D:6      | Killed Natasha
  6042 | D:6      | XOM: give mutations
  6042 | D:6      | Gained mutation: You are weak. (Str -2) [Xom's mischief]
  6042 | D:6      | Gained mutation: You are clumsy. (Dex -2) [Xom's mischief]
  6042 | D:6      | Gained mutation: Your magical capacity is low (-10% MP). [Xom's mischief]
  6042 | D:6      | Gained mutation: You are very weak. (Str -4) [Xom's mischief]
  6164 | D:6      | XOM: mild Chrm miscast
  6255 | D:6      | Reached skill level 6 in Fighting
  6255 | D:6      | Reached skill level 12 in Axes
  6367 | D:6      | Found a glowing golden altar of the Shining One.
  6446 | D:6      | Reached XP level 9. HP: 48/75 MP: 3/3
  6627 | D:6      | XOM: mild Fire miscast
  6737 | D:6      | XOM: summons 1 hostile demon
  7201 | D:6      | Reached skill level 6 in Armour
  7243 | D:5      | XOM: mild Chrm miscast
  7319 | D:5      | XOM: summons 2 hostile demons
  7388 | D:5      | XOM: mild Erth miscast
  7654 | D:7      | XOM: chaos cloud
  7842 | D:7      | XOM: 5-stop teleportation journey
  7893 | D:7      | Acquired Trog's first power
  7898 | D:7      | Gained mutation: You are dopey. (Int -2) [potion of mutation]
  7898 | D:7      | Gained mutation: Armour fits poorly on your strangely shaped body. [potion of mutation]
  7898 | D:7      | Gained mutation: Your flesh is cold resistant. [potion of mutation]
  7901 | D:7      | Reached skill level 13 in Axes
  8216 | D:7      | Found a shadowy altar of Dithmenos.
  8216 | D:7      | Found a shattered altar of Ashenzari.
  8542 | D:7      | XOM: stat loss: -2 Str (11/13)
  8905 | D:7      | Reached skill level 8 in Fighting
  9356 | D:8      | XOM: mild Hex miscast
  9393 | D:8      | Noticed Grum
  9402 | D:8      | Killed Grum
  9402 | D:8      | Reached XP level 10. HP: 80/88 MP: 3/3
  9615 | D:8      | Lost mutation: Your magical capacity is low (-10% MP). [mutagenic meat]
  9691 | D:8      | XOM: noise
  9703 | D:8      | Found a bloodstained altar of Trog.
  9726 | D:8      | XOM: medium Necr miscast
  9859 | D:8      | Reached skill level 14 in Axes
 10035 | D:8      | Acquired Trog's second power
 10256 | D:8      | XOM: scenery: 1 doors open, 1 doors close
 10365 | D:8      | XOM: summons 3 hostile demons
 10480 | D:8      | XOM: mild Erth miscast
 10628 | D:9      | Found Klaudonu's General Store.
 10663 | D:9      | Reached skill level 8 in Armour
 10738 | D:9      | Found a staircase to the Lair.
 10769 | D:9      | XOM: confusion
 11421 | D:8      | XOM: medium Tloc miscast
 11677 | D:8      | XOM: cast spell 'Confusing Touch'
 11962 | D:9      | Found an ancient bone altar of Kikubaaqudgha.
 12067 | D:9      | XOM: mild Trmt miscast
 12203 | D:9      | XOM: medium Divn miscast
 12217 | D:9      | Reached skill level 15 in Axes
 12246 | D:9      | XOM: medium Hex miscast
 12246 | D:9      | Was forgiven by Xom
 12465 | D:5      | Bought 2 potions of mutation for 55 gold pieces
 12465 | D:5      | Bought a potion of mutation for 27 gold pieces
 12465 | D:5      | Bought a potion of curing for 33 gold pieces
 12465 | D:5      | Bought 2 potions of curing for 66 gold pieces
 12465 | D:5      | Bought a potion of heal wounds for 55 gold pieces
 12465 | D:5      | Bought a potion of curing for 33 gold pieces
 12466 | D:5      | Gained mutation: You are resistant to hostile enchantments. [potion of mutation]
 12466 | D:5      | Gained mutation: You are frail (-10% HP). [potion of mutation]
 12466 | D:5      | Lost mutation: You are dopey. (Int -2) [potion of mutation]
 12467 | D:5      | Gained mutation: You have large cloven feet. [potion of mutation]
 12467 | D:5      | Gained mutation: You are somewhat resistant to further mutation. [potion of mutation]
 12890 | D:9      | Reached XP level 11. HP: 72/89 MP: 4/4
 13517 | D:10     | Entered Level 10 of the Dungeon
 13941 | D:10     | Acquired Trog's third power
 14032 | D:10     | Found a staircase to the Orcish Mines.
 14210 | D:10     | Reached skill level 10 in Fighting
 14299 | D:10     | Found Foime's Armour Boutique.
 14366 | D:10     | Noticed Maurice
 14376 | D:10     | Killed Maurice
 14376 | D:10     | Reached skill level 16 in Axes
 14611 | Orc:1    | Entered Level 1 of the Orcish Mines
 15352 | Orc:1    | Found a roughly hewn altar of Beogh.
 15607 | Orc:2    | Reached skill level 10 in Armour
 15682 | Orc:2    | Found a roughly hewn altar of Beogh.
 15795 | Orc:2    | Found a dark tunnel.
 15805 | Volcano  | Entered a volcano
 15823 | Volcano  | Found a radiant altar of Vehumet.
 16869 | Orc:3    | Found a staircase to the Elven Halls.
 17011 | Orc:3    | Noticed Nergalle
 17011 | Orc:3    | Noticed Fannar
 17087 | Orc:2    | Noticed a spectral orc warlord
 17096 | Orc:2    | Noticed a spectral orc warlord
 17097 | Orc:2    | HP: 2/91 [Nergalle/bolt of negative energy (30)]
 17097 | Orc:2    | Slain by a spectral orc warrior

Vanquished Creatures
  An orc knight (Orc:1)
  An orc sorcerer (Volcano)
  Maurice (D:10)
  A centaur skeleton (D:10)
  A two-headed ogre (D:10)
  A basilisk (D:9)
  A wyvern (D:8)
  8 yaks (D:9)
  3 hippogriffs
  Grum (D:8)
  A wolf (D:8)
  4 sky beasts
  2 porcupines
  4 phantoms
  2 ice beasts
  12 ogres
  21 orc warriors
  2 black bears
  2 necrophages
  A big kobold (D:9)
  7 centaurs
  2 crocodiles (D:9)
  The ghost of gabygaby the Ducker, an average SpAK of Lugonu (D:3)
  5 giant frogs
  A water moccasin zombie (D:7)
  4 scorpions
  3 wights (D:7)
  10 killer bees
  5 crimson imps
  A centaur zombie (D:7)
  4 electric eels (D:9)
  8 hounds
  8 jellies
  A gnoll shaman (D:7)
  A goliath beetle (D:9)
  2 giant frog zombies
  16 orc priests
  4 iguanas
  3 giant frog skeletons
  3 quasits
  Natasha (thrice) (D:6)
  23 orc wizards
  3 spectral orcs (Orc:2)
  10 worker ants
  3 sheep (D:9)
  Ijyb (D:2)
  A killer bee zombie (D:7)
  19 adders
  9 gnolls
  3 river rats (D:9)
  3 shadow imps
  A white imp (D:5)
  An ufetubus (D:8)
  3 worms
  An adder skeleton (D:5)
  9 giant geckos
  7 oozes
  119 orcs
  8 giant cockroaches
  18 hobgoblins
  5 quokkas
  A ball python (D:2)
  12 bats
  5 giant newts
  A giant spore (D:7)
  14 goblins
  8 jackals
  19 kobolds
  13 rats
  17 ballistomycetes
499 creatures vanquished.

Vanquished Creatures (collateral kills)
  4 orc warriors
  2 orc priests
  3 orcs
9 creatures vanquished.

Vanquished Creatures (others)
  An ogre (Orc:2)
  An orc (D:9)
  A giant spore (D:10)
  A plant (D:9)
4 creatures vanquished.

Grand Total: 512 creatures vanquished

Action                   |  1- 3 |  4- 6 |  7- 9 | 10-12 || total
-------------------------+-------+-------+-------+-------++-------
Melee: Hand axe          |    78 |    81 |       |       ||   159
       War axe           |       |    78 |   540 |   208 ||   826
       Broad axe         |       |       |       |   370 ||   370
       Battleaxe         |       |       |       |    76 ||    76
 Fire: Blowgun           |       |       |    34 |     5 ||    39
Invok: Berserk           |       |       |     1 |    19 ||    20
       Trog's Hand       |       |       |       |    13 ||    13
       Brothers in Arms  |       |       |       |     3 ||     3
Evoke: Wand              |       |       |       |     4 ||     4
  Use: Scroll            |     7 |     3 |     6 |    11 ||    27
       Potion            |       |     3 |    10 |     3 ||    16
 Stab: Paralysed         |       |     2 |       |       ||     2
       Confused          |       |       |     1 |       ||     1
       Sleeping          |       |       |     2 |     4 ||     6
       Distracted        |       |       |       |     1 ||     1
  Eat: Chunk             |     2 |     5 |    19 |    43 ||    69
       Beef jerky        |     1 |       |     1 |     1 ||     3
       Royal jelly       |       |       |       |     2 ||     2

Vault maps used:
D:1:      lightli_arrival_isolated_outpost, kennysheep_nondescript
D:2:      nicolae_overflow_hidden_temple, lemuel_coloured_pillars_altar,
          serial_forest, infiniplex_forest_zigzag_1, infiniplex_forest_diagonal,
          infiniplex_forest_corner_2, infiniplex_forest_join,
          infiniplex_forest_clump_small, infiniplex_forest_corner_1, uniq_iyjb
D:3:      first_bread
D:4:      led_sif_book, serial_shops,
          nicolae_shop_temple_entry_statues_fountains
D:5:      serial_shops, shop
D:6:      old_standard_altar, uniq_natasha
D:7:      gammafunk_temple_overflow_elements
D:8:      hangedman_little_slice_of_home, columned_hall_lemuel, trog_book,
          uniq_grum
D:9:      old_standard_altar, minmay_lair_entry_grove, serial_bayou,
          serial_bayou_shore_b, serial_bayou_pond_a, serial_bayou_lagoon_a,
          serial_bayou_shore_a, serial_shops, shop
D:10:     erik_orc_3, serial_shops, shop, nicolae_two_hexagons, uniq_maurice
Temple:   zaba_magenta_temple_12
Orc:1:    nicolae_orc_accident_2
Orc:2:    enter_volcano_1, basic_altar, nicolae_orc_damp_corner
Orc:3:    nicolae_orc_pool_cavern, uniq_nergalle, uniq_urug, uniq_fannar
Volcano:  kennysheep_volcano_temple
